[Event "*** Titled Tuesday Blitz"]
[Site "Chess.com"]
[Date "2020.11.10"]
[Round "8"]
[White "asms9699"]
[Black "chito89"]
[Result "0-1"]
[WhiteElo "2586"]
[BlackElo "2834"]
[TimeControl "180+1"]
[EndTime "11:33:07 PST"]
[Termination "chito89 won by resignation"]

1. c4 Nf6 2. g3 e5 3. Bg2 c6 4.
d4 exd4 5. Qxd4 d5 6. Nf3 Be6 7. O-O dxc4 8. Qxd8+ Kxd8 9. Ng5 Nbd7 10. Nxe6+ fxe6 11. Rd1 Kc7 12. Nd2 Nb6 13. Nf3 Nbd5 14.
Ng5 Re8 15. e4 Nb4 16. Nf7 Bc5 17. Bf4+ Kb6 18. Nxh8 Rxh8 19. Rd2 Ng4 20. Bf1 Rf8 21. Re1 g5 22. Be3 Bxe3 23. fxe3 Ne5 24. Be2 Nxa2 25. Rf1 Rxf1+ 26. Kxf1 Kc7 27. h4 gxh4 28. gxh4 c3 29. Rc2 cxb2 30. Rxb2 Nc3 31. h5 a5 32. h6 a4 33. Rc2 Nxe4 34. Bh5 a3 35. Ke1 b5 36. Kd1 b4 37. Kc1 b3 38. Rg2 Nd3+ 39. Kb1 Nc3+ 40. Ka1 b2+ 0-1

[Event "*** Titled Tuesday Blitz"]
[Site "Chess.com"]
[Date "2020.11.10"]
[Round "8"]
[White "Luklei18"]
[Black "ErikBlomqvist"]
[Result "1-0"]
[WhiteElo "2346"]
[BlackElo "2447"]
[TimeControl "180+1"]
[EndTime "11:33:07 PST"]
[Termination "Luklei18 won by checkmate"]

1. c4 e5 2. Nc3 Nf6 3. Nf3 Nc6 4. e3 Bb4 5. Qc2 d6 6. Nd5 Ba5 7. a3 Nxd5 8. cxd5 Ne7 9. Bc4 O-O 10. b4 Bb6 11. Bb2 Bg4 12. h3 Bh5 13. g4 Bg6 14. e4 c6 15. Nh4 cxd5 16. Nxg6 dxc4 17. Nxf8 Rc8 18. Nxh7 Ng6 19. f4 Nxf4 20. O-O-O Nd3+ 21. Kb1 Nf2 22. Rdf1 Nxh1 23. Nf6+ gxf6 24. Rxh1 Kg7 25. Qc3 d5 26. g5 d4 27. Qg3 fxg5 28. h4 c3 29. hxg5 cxb2 30. Qxe5+ Kg6 31. Rh6# 1-0

[Event "*** Titled Tuesday Blitz"]
[Site "Chess.com"]
[Date "2020.11.10"]
[Round "8"]
[White "RD4ever"]
[Black "olksuna"]
[Result "1-0"]
[WhiteElo "2825"]
[BlackElo "2638"]
[TimeControl "180+1"]
[EndTime "11:33:08 PST"]
[Termination "RD4ever won by resignation"]

1. e4 Nf6 2. e5 Nd5 3. d4 d6 4. c4 Nb6 5. exd6 cxd6 6. Nc3 g6 7.
Be3 Bg7 8. Rc1 O-O 9. b3 Bf5 10. d5 e5 11. dxe6 Bxe6 12. Nf3 d5 13. c5 N6d7 14. Be2 Qa5 15. Nd4 Nxc5 16. O-O Nbd7 17.
Nxe6 Nxe6 18. Nxd5 Rfd8 19. b4 Qxa2 20. Bc4 Qa3 21. Ne7+ Kf8 22. Bxe6 fxe6 23. Qd6 Qa6 24. Nc6+ Kg8 25. Qxe6+ Kh8 26. Nxd8 Rxd8 27. Qxa6 bxa6 28. Rfd1 Be5 29. Bg5 1-0

[Event "*** Titled Tuesday Blitz"]
[Site "Chess.com"]
[Date "2020.11.10"]
[Round "8"]
[White "mikheeva86"]
[Black "Make_it_shine060"]
[Result "0-1"]
[WhiteElo "1992"]
[BlackElo "2133"]
[TimeControl "180+1"]
[EndTime "11:33:08 PST"]
[Termination "Make_it_shine060 won on time"]

1. e4 c5 2. Nc3 Nc6 3. g3 g6 4.
Bg2 Bg7 5. d3 Nf6 6. Be3 d6 7.
h3 O-O 8. Qd2 Rb8 9. Bh6 Bxh6 10. Qxh6 Nd4 11. Qd2 b5 12. Nd1 b4 13. c3 bxc3 14.
bxc3 Nc6 15. f4 a5 16. e5 dxe5 17. Bxc6 Bb7 18. Bxb7 Rxb7 19. fxe5 Qd5 20. Nf2 Qxe5+ 21. Ne2 Rfb8 22. d4 Qe6 23. Nd1 Ne4 24. Qe3 Rb1 25. Rxb1 Rxb1 26. dxc5 Qd5 27. O-O Rxd1 28. Rxd1 Qxd1+ 29. Kg2 Nxc5 0-1

[Event "*** Titled Tuesday Blitz"]
[Site "Chess.com"]
[Date "2020.11.10"]
[Round "8"]
[White "BAS8892"]
[Black "Yashasd1995"]
[Result "1-0"]
[WhiteElo "2738"]
[BlackElo "2565"]
[TimeControl "180+1"]
[EndTime "11:33:09 PST"]
[Termination "BAS8892 won by resignation"]

1. d4 Nf6 2. c4 e6 3. Nf3 b6 4. a3 Bb7 5. Nc3 d5 6. cxd5 exd5 7. Bf4 a6 8. e3 Be7 9. Be2 O-O 10. O-O c5 11. dxc5 bxc5 12. Rc1 Nbd7 13. h3 Rc8 14. Qa4 Qb6 15. Qc2 Rfd8 16. Rfd1 d4 17. Na4 Qa5 18.
Nd2 Bc6 19. b3 Bxa4 20. bxa4 Nb6 21. Nc4 Nxc4 22. Bxc4 Nd5 23. Qf5 Nxf4 24. Qxf7+ Kh8 25. Qxe7 Ng6 26. Qe6 Re8 27. Qxa6 Qc7 28. exd4 cxd4 29. Bb5 Qxc1 30. Rxc1 Rxc1+ 31. Kh2 Rf8 32. f3 Rc3 33. Qd6 Rc2 34. Bd3 Rcc8 35. Qxd4 Nf4 36. Be4 Rcd8 37. Qe3 Rb8 38. Qf2 Rb2 39. Qxb2 1-0

[Event "*** Titled Tuesday Blitz"]
[Site "Chess.com"]
[Date "2020.11.10"]
[Round "8"]
[White "orestn"]
[Black "Oglob71"]
[Result "1-0"]
[WhiteElo "2273"]
[BlackElo "2429"]
[TimeControl "180+1"]
[EndTime "11:33:09 PST"]
[Termination "orestn won by checkmate"]

1. e4 c5 2. Nf3 e6 3. d4 cxd4 4. Nxd4 a6 5. c4 Qc7 6. Nc3 Nf6 7. Be2 Bb4 8. Nc2 Bxc3+ 9. bxc3 Nxe4 10. Qd4 Nf6 11.
Ba3 Nc6 12. Qe3 Qe5 13. O-O Qxe3 14. Nxe3 Ne4 15. Rac1 f5 16. Rfd1 Kf7 17. c5 Re8 18. Nc4 Kg8 19. f3 Nf6 20. Nb6 Rd8 21. Bc4 Kf8 22.
Rd2 Ke7 23. Rcd1 Rb8 24. Kf2 g5 25. h3 h5 26. Bb3 Kf7 27. Rd6 Na5 28. g3 Nxb3 29.
axb3 Ke7 30. c4 a5 31. Ke3 g4 32. hxg4 hxg4 33. fxg4 Nxg4+ 34. Kf4 Kf6 35. Bb2+ Kg6 36. Nxd7 Bxd7 37. Rxd7 Rxd7 38. Rxd7 Rc8 39. Re7 Rxc5 40. Rxe6+ Kf7 41. Rb6 Rc7 42. Kxf5 Ne3+ 43. Ke4 Re7+ 44.
Kf3 Nd1 45. Bd4 Rd7 46. Ke4 Ke8 47. g4 Re7+ 48. Kd5 Ne3+ 49. Bxe3 Rxe3 50. Rxb7 Kf8 51. c5 Ke8 52. c6 Kd8 53. Kc4 Kc8 54. g5 Rg3 55.
Rg7 Rg1 56. g6 Rg5 57. Kd4 Kb8 58. Rb7+ Kc8 59. g7 Rg1 60. Rf7 Rd1+ 61. Kc5 Rb1 62. g8=Q# 1-0

[Event "*** Titled Tuesday Blitz"]
[Site "Chess.com"]
[Date "2020.11.10"]
[Round "8"]
[White "Zq1"]
[Black "Andreikka"]
[Result "0-1"]
[WhiteElo "2588"]
[BlackElo "2952"]
[TimeControl "180+1"]
[EndTime "11:33:12 PST"]
[Termination "Andreikka won by resignation"]

1. d4 Nf6 2. c4 e6 3. Nc3 Bb4 4. e3 O-O 5. Bd3 b6 6. Ne2 Bb7 7. O-O c5 8. d5 exd5 9. cxd5 d6 10. e4 a6 11. a4 Nbd7 12. f3 Re8 13. Ng3 Ne5 14. Bc2 c4 15. Be3 Bc5 16. Bxc5 bxc5 17. f4 Ng6 18. Qf3 Rb8 19. Rab1 Bc8 20. Nf5 h5 21. g3 Bxf5 22. exf5 Nf8 23. h3 Qe7 24. Kf2 N8d7 25. g4 hxg4 26. hxg4 Qe3+ 27. Kg3 Qd4 28. Rfd1 Re3 29. Rxd4 Rxf3+ 30. Kxf3 cxd4 31. Ne4 d3 32. Bxd3 cxd3 33. Nxd6 Nxd5 34. Rd1 Nc5 35. Ne4 Nxe4 36. Kxe4 Nb4 37. g5 Kf8 38. Kd4 Rc8 39. f6 gxf6 40.
gxf6 Ke8 41. Re1+ Kd7 42. Re7+ Kd6 43. Ke3 Nd5+ 0-1

[Event "*** Titled Tuesday Blitz"]
[Site "Chess.com"]
[Date "2020.11.10"]
[Round "8"]
[White "PaulfromSPb"]
[Black "crazy_but_lazy"]
[Result "1/2-1/2"]
[WhiteElo "2686"]
[BlackElo "2481"]
[TimeControl "180+1"]
[EndTime "11:33:12 PST"]
[Termination "Game drawn by agreement"]

1. e4 c6 2. d4 d5 3. Nd2 dxe4 4. Nxe4 Bf5 5. Ng3 Bg6 6. f4 e6 7. Nf3 Nf6 8. Ne5 Nbd7 9. c3 Be7 10. Qf3 Nxe5 11. fxe5 Nd5 12. Bc4 O-O 13. O-O c5 14. Bxd5 Qxd5 15. Qxd5 exd5 16. Be3 b6 17. Nf5 Bxf5 18.
Rxf5 c4 19. Raf1 b5 20. a3 a5 21. R5f3 Ra6 22. Rg3 Rb6 23. Bg5 Bxg5 24. Rxg5 b4 25.
axb4 axb4 26. Rf6 bxc3 27. bxc3 Rb3 28. Rd6 Rxc3 29. Rxd5 f6 30. Rg3 Rc1+ 31. Kf2 fxe5+ 32. Rf3 Rc2+ 33. Kg3 Rxf3+ 34. Kxf3 e4+ 35. Kxe4 Rxg2 36. Rc5 Rxh2 37. Rxc4 Re2+ 38. Kd5 h5 39. Kc6 g5 40. d5 Kf7 41. d6 Rd2 42. Rc5 Ke6 43. Rxg5 Rxd6+ 44. Kc5 Rd1 45. Rxh5 Rc1+ 1/2-1/2

[Event "*** Titled Tuesday Blitz"]
[Site "Chess.com"]
[Date "2020.11.10"]
[Round "8"]
[White "karwowskikacper"]
[Black "sm_sharon"]
[Result "1-0"]
[WhiteElo "2431"]
[BlackElo "2151"]
[TimeControl "180+1"]
[EndTime "11:33:13 PST"]
[Termination "karwowskikacper won by resignation"]

1. d4 g6 2. g3 Bg7 3. Bg2 Nf6 4.
Nf3 O-O 5. O-O c6 6. c4 d6 7. Nc3 Qa5 8. Qd3 Be6 9. b3 h6 10. Bb2 Nbd7 11. e4 d5 12. e5 Ne8 13. cxd5 Bxd5 14. Rfe1 Nc7 15. Nh4 Bxg2 16. Nxg2 e6 17. Ne4 Rad8 18. a4 Nxe5 19. Qe2 Nd7 20. Ba3 Bxd4 21.
Rad1 c5 22. Nd6 Nf6 23. Nxb7 Qb6 24. Nxd8 Rxd8 25. Bb2 Ncd5 26. Bxd4 cxd4 27. Qc4 e5 28. Rxe5 Nc3 29. Rd3 Ng4 30. Re1 Qf6 31. f4 Rd6 32. h3 Ne3 33. Nxe3 dxe3 34. Rxd6 Qxd6 35. Qxc3 e2 36. Qe3 Qd3 37. Qxd3 1-0

[Event "*** Titled Tuesday Blitz"]
[Site "Chess.com"]
[Date "2020.11.10"]
[Round "8"]
[White "Deepweb2020"]
[Black "nelsoncopa"]
[Result "1-0"]
[WhiteElo "2238"]
[BlackElo "1913"]
[TimeControl "180+1"]
[EndTime "11:33:13 PST"]
[Termination "Deepweb2020 won by checkmate"]

1. d4 d5 2. c4 c6 3. cxd5 cxd5 4. Nc3 Nf6 5. Bf4 a6 6. e3 Bf5 7. f3 Nc6 8. Bd3 Bxd3 9. Qxd3 e6 10. a3 Be7 11. Nge2 O-O 12. O-O Rc8 13. b4 b5 14. Nc1 Nd7 15. Nb3 Nb6 16. Nc5 Bxc5 17. bxc5 Nc4 18. Rfb1 Qa5 19. Bg3 h6 20. Be1 Qd8 21. f4 f6 22. Na2 Qe8 23. a4 Rb8 24.
axb5 axb5 25. Nb4 f5 26. Ra6 Nxb4 27. Bxb4 Ra8 28. Rba1 Rxa6 29. Rxa6 Qc8 30. Ra7 Rf7 31. Ra1 Rb7 32. h3 Qb8 33. Kf2 Ra7 34. Qc3 Qa8 35.
Re1 Ra2+ 36. Kg1 Qa4 37. c6 Qa6 38. Qb3 Ra4 39. c7 Qc6 40. Bc5 Qxc7 41. Qxb5 Ra2 42. Qe8+ Kh7 43. Qxe6 g6 44. Be7 Ra7 45. Qf7+ Kh8 46.
Bf6# 1-0

[Event "*** Titled Tuesday Blitz"]
[Site "Chess.com"]
[Date "2020.11.10"]
[Round "8"]
[White "kuban1991"]
[Black "Grandelicious"]
[Result "0-1"]
[WhiteElo "2879"]
[BlackElo "2811"]
[TimeControl "180+1"]
[EndTime "11:33:14 PST"]
[Termination "Grandelicious won by resignation"]

1. Nf3 c5 2. g3 Nc6 3. Bg2 e5 4. c4 g6 5. O-O Bg7 6. Nc3 Nge7 7. Ne1 d6 8. Nc2 Be6 9. Ne3 h5 10. h4 Qd7 11. d3 f5 12. Ned5 f4 13. Kh2 O-O 14.
Rb1 Nd4 15. e3 fxg3+ 16. fxg3 Bg4 17. Qa4 b5 18. Nxe7+ Qxe7 19. cxb5 Rxf1 20. Bxf1 Nf3+ 21. Kh1 Rf8 22. Bg2 Nxh4 23. Nd5 Qd8 24. Qxa7 Nxg2 25. Ne7+ Kh7 26. Kxg2 Rf7 27. e4 Rxe7 28. Bg5 Rxa7 29. Bxd8 Rxa2 30. b6 Bc8 31. Be7 Ba6 32. Bxd6 Bxd3 33.
b7 Bxe4+ 34. Kh3 Bxb7 35. Bxc5 Be4 36. Re1 Bf5+ 37. g4 Bxg4+ 38. Kg3 Rxb2 0-1

[Event "*** Titled Tuesday Blitz"]
[Site "Chess.com"]
[Date "2020.11.10"]
[Round "8"]
[White "Harsha_Bharathakoti"]
[Black "Gogolev_Artemy"]
[Result "1-0"]
[WhiteElo "2790"]
[BlackElo "2493"]
[TimeControl "180+1"]
[EndTime "11:33:14 PST"]
[Termination "Harsha_Bharathakoti won by resignation"]

1. c4 e6 2. Nf3 d5 3. d4 Nf6 4.
Nc3 Bb4 5. Bg5 Nbd7 6. e3 c5 7. cxd5 exd5 8. Bd3 c4 9. Bc2 Qa5 10. Qd2 Ne4 11. Bxe4 dxe4 12. Ne5 Nxe5 13. dxe5 Be6 14. O-O Qxe5 15. Bf4 Qc5 16. Nxe4 Bxd2 17. Nxc5 Bb4 18. Nxb7 Kd7 19. a3 Kc6 20. axb4 Kxb7 21. Be5 f6 22. Bd4 Rhd8 23. h3 a6 24. Kh2 h5 25.
f3 Rd5 26. Kg3 Rg5+ 27. Kf2 Rc8 28. e4 Rd8 29. Bc3 Rb5 30. Rad1 Rxd1 31. Rxd1 Kc7 32. g4 hxg4 33. hxg4 Rb8 34. Ra1 Kb6 35. Rg1 Rf8 36. Ke3 Kc6 37. g5 Bc8 38. gxf6 gxf6 39. Rg6 Kd7 40. Rxf6 Rxf6 41. Bxf6 Ke6 42. Bc3 Bd7 43. f4 Bc6 44. f5+ Kd6 45. Kf4 Ke7 46. e5 Ba4 47. Bd4 Bc2 48. Bc5+ Kf7 49. e6+ Kf6 50. Bd4+ Ke7 51. Ke5 Bb1 52. f6+ Ke8 1-0

[Event "*** Titled Tuesday Blitz"]
[Site "Chess.com"]
[Date "2020.11.10"]
[Round "8"]
[White "Vanina1989"]
[Black "Neftegor"]
[Result "1-0"]
[WhiteElo "2636"]
[BlackElo "2462"]
[TimeControl "180+1"]
[EndTime "11:33:14 PST"]
[Termination "Vanina1989 won by resignation"]

1. d4 Nf6 2. c4 e6 3. Nf3 Bb4+ 4. Bd2 Qe7 5. g3 Nc6 6. e3 O-O 7. Bg2 e5 8. O-O e4 9. Ne1 d5 10. Bxb4 Nxb4 11. a3 Nc6 12. cxd5 Nxd5 13. Qc2 Nf6 14. Nc3 Re8 15. Rd1 Bf5 16. d5 Ne5 17. Qb3 b6 18. Nc2 Rad8 19. Nd4 Bg4 20. Rd2 Nf3+ 21. Bxf3 Bxf3 22.
Nxf3 exf3 23. Rd4 Nd7 24. h3 Ne5 25. Kh2 Rd6 26. Rh4 g5 27. Re4 Rh6 28. Qb5 Rd8 29.
Rd1 Rdd6 30. Qa4 f5 31. Red4 g4 32. h4 Rxh4+ 33. gxh4 Qxh4+ 34. Kg1 Qh3 35. Qe8+ Kg7 36. Qxe5+ Rf6 37. Qg3 Qh5 38. Kf1 Qg5 39. Ke1 h5 40.
Kd2 f4 41. Rxf4 h4 42. Qxg4 Qxg4 43. Rxg4+ Kf7 44. Rxh4 1-0

[Event "*** Titled Tuesday Blitz"]
[Site "Chess.com"]
[Date "2020.11.10"]
[Round "8"]
[White "andriipalchuk"]
[Black "zivicd"]
[Result "1-0"]
[WhiteElo "2443"]
[BlackElo "2249"]
[TimeControl "180+1"]
[EndTime "11:33:14 PST"]
[Termination "andriipalchuk won on time"]

1. e4 c5 2. Nf3 e6 3. c3 d5 4. exd5 Qxd5 5. d4 Nf6 6. Na3 cxd4 7. Nb5 Qd8 8. Nbxd4 a6 9. Bd3 Be7 10. O-O b6 11. Qe2 Bb7 12. Rd1 Qc8 13. Ng5 O-O 14. h4 Nc6 15. Ndf3 h6 16. Nh3 Rd8 17. Be3 b5 18. Nf4 Bf8 19. Bb6 Rd7 20. a4 b4 21. cxb4 Nxb4 22. Ne5 Nxd3 23. Nxd7 Nxf4 24. Nxf6+ gxf6 25. Qg4+ Ng6 26. Rac1 Qe8 27. h5 f5 28. Qg3 f4 29. Qg4 1-0

[Event "*** Titled Tuesday Blitz"]
[Site "Chess.com"]
[Date "2020.11.10"]
[Round "8"]
[White "gui_borba"]
[Black "BikingBrian"]
[Result "1-0"]
[WhiteElo "2428"]
[BlackElo "2275"]
[TimeControl "180+1"]
[EndTime "11:33:14 PST"]
[Termination "gui_borba won by resignation"]

1. d4 Nf6 2. Bf4 c5 3. e3 Qb6 4. Nc3 cxd4 5. exd4 a6 6. Rb1 d6 7. Nf3 Bg4 8. Be2 Nc6 9. d5 Nb8 10. O-O g6 11. h3 Bxf3 12. Bxf3 Bg7 13. Re1 Qd8 14.
Qe2 Kf8 15. Qd2 Nbd7 16. Re2 h5 17. Rbe1 Ng8 18. a4 Rb8 19. Bg5 f6 20. Be3 Ne5 21.
Bd4 Bh6 22. Qd1 b5 23. Re4 b4 24. Nb1 Qd7 25. Be2 a5 26. f4 Nf7 27. Bd3 g5 28. Rxe7 Nxe7 29. Bxf6 Bg7 30. Bxe7+ Kg8 31. fxg5 Ne5 32.
Bf6 Rf8 33. Rf1 Qa7+ 34. Kh1 Nd7 35. Bxg7 Kxg7 36. Rxf8 Rxf8 37. Qxh5 Rf1+ 38. Bxf1 Ne5 39. Qh6+ Kf7 40. Qf6+ Ke8 41. g6 Qf2 42. Qxf2 1-0

[Event "*** Titled Tuesday Blitz"]
[Site "Chess.com"]
[Date "2020.11.10"]
[Round "8"]
[White "Pavlov_Sergey"]
[Black "indfraeng"]
[Result "1/2-1/2"]
[WhiteElo "2616"]
[BlackElo "2413"]
[TimeControl "180+1"]
[EndTime "11:33:15 PST"]
[Termination "Game drawn by repetition"]

1. c4 c5 2. Nf3 Nf6 3. Nc3 Nc6 4. d4 cxd4 5. Nxd4 d5 6. cxd5 Nxd5 7. Nxc6 bxc6 8. Bd2 g6 9. Qa4 Bd7 10. Nxd5 cxd5 11.
Qd4 f6 12. Qxd5 e6 13. Qd4 e5 14. Qd5 Rb8 15. Bc3 Bb4 16. Bxb4 Rxb4 17. e3 Rxb2 18. Bc4 Qe7 19. O-O Kf8 20. Rfd1 Bf5 21. e4 Bg4 22. Rdb1 Rxb1+ 23. Rxb1 Bc8 24. h3 Kg7 25. Rb8 Rd8 26. Qc6 Bd7 27. Qc7 Rxb8 28. Qxb8 Qc5 29. Bb3 Qc1+ 30. Kh2 Qf4+ 31. Kg1 Qc1+ 32. Kh2 Qf4+ 33. Kg1 Qc1+ 1/2-1/2

[Event "*** Titled Tuesday Blitz"]
[Site "Chess.com"]
[Date "2020.11.10"]
[Round "8"]
[White "petrpalachev"]
[Black "AldokhinIvan"]
[Result "1-0"]
[WhiteElo "2734"]
[BlackElo "2563"]
[TimeControl "180+1"]
[EndTime "11:33:16 PST"]
[Termination "petrpalachev won on time"]

1. d4 Nf6 2. Nf3 g6 3. g3 Bg7 4. Bg2 O-O 5. O-O d5 6. c4 c6 7. Qb3 dxc4 8. Qxc4 Be6 9. Qb4 Qc7 10. Nc3 a5 11. Qc5 Na6 12. Qg5 Rad8 13. Qh4 h5 14. Rd1 Nb4 15. Bf4 Qb6 16. Be5 Nbd5 17. e4 Nxc3 18.
bxc3 Bg4 19. Rab1 Qa6 20. h3 Bc8 21. Ng5 c5 22. Bc7 Rd7 23. Bb6 cxd4 24. cxd4 Qe2 25. a3 Bh6 26. Bxa5 Bxg5 27. Qxg5 Nxe4 28. Qf4 Nf6 29. d5 Qa6 30. Bc3 Rfd8 31. Qg5 Qxa3 32. Bb4 Qa6 33. d6 Nh7 34. Qh6 exd6 35. Bd5 1-0

[Event "*** Titled Tuesday Blitz"]
[Site "Chess.com"]
[Date "2020.11.10"]
[Round "8"]
[White "XDPS"]
[Black "Mikhail_Golubev"]
[Result "0-1"]
[WhiteElo "2776"]
[BlackElo "2593"]
[TimeControl "180+1"]
[EndTime "11:33:17 PST"]
[Termination "Mikhail_Golubev won on time"]

1. e4 c5 2. Nf3 d6 3. d4 Nf6 4. Nc3 cxd4 5. Nxd4 g6 6. Be3 Bg7 7. f3 a6 8. Qd2 Nbd7 9. g4 b5 10. g5 Nh5 11. O-O-O Bb7 12. Nd5 O-O 13. Kb1 Rc8 14. Be2 e6 15. Nb4 a5 16. Nxb5 axb4 17. Nxd6 Bc6 18.
Nxc8 Qxc8 19. Qxb4 Qc7 20. Qd6 Qb7 21. Bd4 e5 22. Bc3 Nf4 23. Bc4 Nb6 24. Bb3 Re8 25.
h4 Ne2 26. Ba5 Nd4 27. h5 Bf8 28. Qf6 Nxb3 29. hxg6 fxg6 30. axb3 Nd7 31. Rxd7 Qxd7 0-1

[Event "*** Titled Tuesday Blitz"]
[Site "Chess.com"]
[Date "2020.11.10"]
[Round "8"]
[White "VerdeNotte"]
[Black "anon102030"]
[Result "1-0"]
[WhiteElo "2896"]
[BlackElo "2753"]
[TimeControl "180+1"]
[EndTime "11:33:18 PST"]
[Termination "VerdeNotte won by resignation"]

1. c4 e5 2. g3 Nc6 3. Bg2 g6 4.
Nc3 Bg7 5. Rb1 d6 6. b4 a6 7. a4 f5 8. e3 Be6 9. b5 axb5 10.
axb5 Na5 11. d3 e4 12. Nd5 exd3 13. Nh3 c6 14. bxc6 bxc6 15. Nhf4 Bf7 16. Nb4 Ne7 17. O-O O-O 18. Nfxd3 Bxc4 19. Bb2 Bxb2 20. Rxb2 Rb8 21. Re1 c5 22. Nc2 Rxb2 23. Nxb2 Bb3 24. Qd3 d5 25.
Qc3 Qb6 26. Rc1 Rd8 27. Nd3 c4 28. Nf4 Bxc2 29. Rxc2 d4 30. exd4 Rxd4 31. Bf3 g5 32. Ne6 Qxe6 33. Qxd4 g4 34. Re2 Qf7 35. Qd8+ Qf8 36.
Bd5+ 1-0

[Event "*** Titled Tuesday Blitz"]
[Site "Chess.com"]
[Date "2020.11.10"]
[Round "8"]
[White "MasterMK73"]
[Black "Slovak_fighter2000"]
[Result "0-1"]
[WhiteElo "2260"]
[BlackElo "2457"]
[TimeControl "180+1"]
[EndTime "11:33:18 PST"]
[Termination "Slovak_fighter2000 won on time"]

1. e4 c5 2. Nf3 d6 3. Bb5+ Bd7 4. Bxd7+ Qxd7 5. O-O g6 6. Qe2 Bg7 7. c3 Nc6 8. d4 cxd4 9. cxd4 Nxd4 10. Nxd4 Bxd4 11. Rd1 Bg7 12. Nc3 Nh6 13. h3 O-O 14. Be3 Kh8 15. Qd2 Ng8 16. Bd4 Qe6 17. Re1 a6 18. Nd5 Rac8 19. f4 Bxd4+ 20. Qxd4+ f6 21. Qb4 b5 22. a4 Rc4 23. Qb3 Rxe4 24. Rxe4 Qxe4 25.
axb5 axb5 26. Qxb5 e6 27. Nc3 Qxf4 28. Rf1 Qe3+ 29.
Kh1 d5 30. Qb4 Rf7 31. Na4 d4 32. Re1 Qf4 33. Rxe6 Kg7 34. Rd6 Rc7 0-1

[Event "*** Titled Tuesday Blitz"]
[Site "Chess.com"]
[Date "2020.11.10"]
[Round "8"]
[White "VladimirBugayev"]
[Black "Makswolf200817"]
[Result "0-1"]
[WhiteElo "2252"]
[BlackElo "2446"]
[TimeControl "180+1"]
[EndTime "11:33:20 PST"]
[Termination "Makswolf200817 won by resignation"]

1. e4 c5 2. Nc3 e6 3. f4 d5 4. Nf3 Nf6 5. Bb5+ Nc6 6. Bxc6+ bxc6 7. d3 Be7 8. Qe2 O-O 9. O-O Rb8 10. b3 Re8 11.
Kh1 a5 12. Na4 Ba6 13. e5 Nd7 14. Qf2 c4 15. dxc4 dxc4 16. Be3 cxb3 17. cxb3 Bxf1 18. Rxf1 Nf8 19. Rc1 Qd5 20. h3 Ng6 21. g3 Red8 22.
Kg2 Qe4 23. Rc4 Qb1 24. Rc1 Qf5 25. Rc4 Rb4 26. Nd4 Qe4+ 27. Qf3 Qxf3+ 28. Kxf3 Rxc4 29. bxc4 Rc8 30. Nb3 Bb4 31. Bc1 Rb8 32. a3 Bxa3 33. Nxa5 Bxc1 34. Nxc6 Rc8 0-1

[Event "*** Titled Tuesday Blitz"]
[Site "Chess.com"]
[Date "2020.11.10"]
[Round "8"]
[White "ErikRonka"]
[Black "RamyresCoelho"]
[Result "1-0"]
[WhiteElo "2398"]
[BlackElo "2087"]
[TimeControl "180+1"]
[EndTime "11:33:20 PST"]
[Termination "ErikRonka won by checkmate"]

1. e4 c5 2. Nf3 d6 3. d4 cxd4 4. Nxd4 Nf6 5. Nc3 a6 6. Be3 e6 7. f3 b5 8. Qd2 Bb7 9. g4 Nbd7 10. O-O-O Rc8 11. h4 h6 12. Rg1 b4 13. Nce2 d5 14.
exd5 Nxd5 15. Nf4 Qa5 16. Kb1 Nc3+ 17. bxc3 bxc3 18. Nb3 Qa4 19. Qd4 Qxd4 20. Bxd4 Bxf3 21. Bxa6 Ra8 22. Be2 Bb7 23. Bb5 Bc8 24. Bxc3 Be7 25. g5 hxg5 26. hxg5 Rh2 27. g6 Ra7 28. gxf7+ Kxf7 29.
Rxg7+ Kf8 30. Nxe6+ Ke8 31. Nec5 Bxc5 32. Nxc5 Rc7 33.
Re1+ Kf8 34. Ne6+ Ke8 35. Nxc7+ Kd8 36. Ne6+ Ke8 37. Nc5+ Kd8 38. Nxd7 Bxd7 39. Rxd7+ Kc8 40. Re8# 1-0

[Event "*** Titled Tuesday Blitz"]
[Site "Chess.com"]
[Date "2020.11.10"]
[Round "8"]
[White "Matols"]
[Black "igorknyazev"]
[Result "1-0"]
[WhiteElo "2254"]
[BlackElo "2007"]
[TimeControl "180+1"]
[EndTime "11:33:21 PST"]
[Termination "Matols won on time"]

1. d4 Nf6 2. c4 c5 3. d5 b5 4. cxb5 a6 5. bxa6 Bxa6 6. Nc3 g6 7. Nf3 Bg7 8. g3 d6 9. Bg2 O-O 10. O-O Qa5 11. Bd2 Nbd7 12. Rb1 Ng4 13. Re1 Bxc3 14. Bxc3 Qxa2 15. Qd2 Qc4 16. h3 Nge5 17. Nh4 Bb7 18.
f4 g5 19. fxe5 gxh4 20. e6 Ne5 21. Qg5+ Kh8 22. exf7 Rxf7 23. Bxe5+ dxe5 24. Qxe5+ Rg7 25. Rf1 hxg3 26. e3 Qd3 27. Rbd1 Qe2 28. Rde1 Qd2 29. Rc1 Rd8 30. Rxc5 Bxd5 31. Rxd5 1-0

[Event "*** Titled Tuesday Blitz"]
[Site "Chess.com"]
[Date "2020.11.10"]
[Round "8"]
[White "BJthechessgod"]
[Black "Piotrek1979"]
[Result "0-1"]
[WhiteElo "2299"]
[BlackElo "2462"]
[TimeControl "180+1"]
[EndTime "11:33:22 PST"]
[Termination "Piotrek1979 won by resignation"]

1. e4 c6 2. d4 d5 3. Nc3 dxe4 4. Nxe4 Bf5 5. Ng3 Bg6 6. h4 h6 7. Nf3 Nd7 8. h5 Bh7 9. Bd3 Bxd3 10. Qxd3 e6 11.
Bf4 Ngf6 12. O-O-O Nd5 13. Bd2 a5 14. a3 b5 15. Ne4 b4 16. a4 b3 17. Qxb3 Rb8 18. Qc4 Qb6 19. Bc3 Nxc3 20. Qxc3 Bb4 21. Qb3 Qc7 22. c3 Be7 23. Qc2 Nb6 24. Ne5 Nd5 25.
Rh3 c5 26. Rf3 O-O 27. Ng4 f5 28. Nxc5 Bxc5 29. dxc5 fxg4 30. Rg3 Rf4 31. Qg6 Rxf2 32.
Qxe6+ Kh8 33. Rxg4 Nxc3 34. bxc3 Qxc5 35. Rd8+ Rxd8 36.
Qc4 Qa3+ 0-1

[Event "*** Titled Tuesday Blitz"]
[Site "Chess.com"]
[Date "2020.11.10"]
[Round "8"]
[White "ChelsieMonica"]
[Black "gilbert_gm"]
[Result "0-1"]
[WhiteElo "2357"]
[BlackElo "2547"]
[TimeControl "180+1"]
[EndTime "11:33:23 PST"]
[Termination "gilbert_gm won by resignation"]

1. c4 e6 2. Nf3 d6 3. g3 g6 4. Bg2 Bg7 5. O-O Ne7 6. d4 O-O 7. Nc3 b6 8. Ne1 d5 9. cxd5 exd5 10. e4 Bb7 11. Bg5 dxe4 12. Nxe4 Nd7 13. Rc1 h6 14. Bxe7 Qxe7 15. Nc3 Bxg2 16. Nxg2 Nf6 17. Re1 Qd7 18. Qf3 Qxd4 19. Nb5 Qxb2 20. Nxc7 Rac8 21. a3 Ne8 22. Rb1 Qc3 23. Qxc3 Bxc3 24. Rxe8 Rfxe8 25. Nxe8 Rxe8 26. Ne3 Bd4 27. Nd5 Re2 28. Rd1 Bxf2+ 29. Kf1 Rb2 30. Nf6+ Kg7 31. Ne8+ Kf8 32. Nf6 Bc5 33. Nd7+ Ke7 34.
Nxc5 bxc5 35. Rd5 Rc2 36. h4 Ke6 37. Rd8 Rc3 38. Kg2 Rxa3 0-1

[Event "*** Titled Tuesday Blitz"]
[Site "Chess.com"]
[Date "2020.11.10"]
[Round "8"]
[White "azikom"]
[Black "eightbyeightchess"]
[Result "1-0"]
[WhiteElo "2555"]
[BlackElo "2409"]
[TimeControl "180+1"]
[EndTime "11:33:23 PST"]
[Termination "azikom won by resignation"]

1. c4 c6 2. e4 d5 3. exd5 cxd5 4. cxd5 Nf6 5. Qa4+ Bd7 6. Qb3 Qb6 7. Nc3 g6 8. Nf3 Bg7 9. Bc4 O-O 10. O-O Na6 11.
d4 Bf5 12. a3 Bg4 13. Qxb6 axb6 14. Ne5 Bf5 15. Bg5 Rfc8 16. Bb3 h6 17. Bh4 g5 18. Bg3 Nh5 19. Rfe1 Nxg3 20. hxg3 Kf8 21. Rad1 Nc7 22. d6 exd6 23. Nxf7 Ne8 24. Ne4 Bxe4 25. Rxe4 d5 26. Re3 Kxf7 27. Bxd5+ Kg6 28. Bxb7 Rab8 29. Bxc8 Rxc8 30. Re6+ Kf7 31. Rxb6 Rd8 32. d5 Be5 33. a4 Nd6 34. a5 Nc4 35. Rb7+ Kg6 36. b4 Nb2 37. Re1 Bd4 38. Re6+ Kh5 39. g4+ Kxg4 40. Re4+ Kf5 41. Rxd4 1-0

[Event "*** Titled Tuesday Blitz"]
[Site "Chess.com"]
[Date "2020.11.10"]
[Round "8"]
[White "AnishOnYoutube"]
[Black "Sanan_Sjugirov"]
[Result "1-0"]
[WhiteElo "2977"]
[BlackElo "2830"]
[TimeControl "180+1"]
[EndTime "11:33:24 PST"]
[Termination "AnishOnYoutube won on time"]

1. e4 c5 2. Nf3 Nc6 3. Bb5 d6 4. O-O Bd7 5. Re1 Nf6 6. c3 a6 7. Bf1 Bg4 8. d4 cxd4 9. cxd4 e5 10. Be3 exd4 11. Bxd4 Be7 12. Nc3 O-O 13. Be3 Re8 14.
Be2 Bf8 15. h3 Bh5 16. Nd2 Bxe2 17. Rxe2 h6 18. Qb3 b5 19. a4 Na5 20. Qc2 d5 21. axb5 axb5 22. e5 d4 23. Bxd4 Qxd4 24. exf6 Rxe2 25.
Nxe2 Qxf6 26. Nb3 Bb4 27. Qe4 Rc8 28. Nxa5 Qa6 29. Nb3 Qd6 30. Nbd4 Qd7 31. Ra8 1-0